Cogmind - Beta 16 @@@ ROGUE MODE // 2025.12.27 @ 19:27:22 Player: AnotherZach Result: Destroyed by X-77 Beamer with Gatling Laser Performance ------------- Evolutions (5) 2500 Regions Visited (5) 1000 Robots Destroyed (54) 270 Value Destroyed (1371) 1371 Prototype IDs (19) 380 Alien Tech Used (0) 0 Bonus (800) 800 TOTAL SCORE: 6321 Bonus ------- Registered with UFD 300 Met Optimus in HQ 500 Cogmind --------- Core Integrity 0/1000 Matter 270/300 Energy 70/100 System Corruption 8% Temperature Cool (18) Movement Core (50) Location -5/Factory Parts ------- > --- POWER (2) -------- (None) > --- PROPULSION (6) --- (None) > --- UTILITY (7) ------ Advanced Salvage Targeting Computer A0-MCA's Component Scanner > --- WEAPON (2) ------- (None) > --- INVENTORY (5) ---- Light Nuclear Core Signal Interpreter Thermal Shield Hacking Suite Peak State ------------ > --- POWER ------------ Light Nuclear Core Neutrino Core Neutrino Core > --- PROPULSION ------- Improved Treads Improved Treads Armored Medium Treads Wheel Wheel > --- UTILITY ---------- Advanced Cooling System Coolant Injector Large Storage Unit Improved Terrain Scanner Seismic Detector Improved Targeting Computer Improved Medium Armor Plating > --- WEAPON ----------- Powered Cannon > --- INVENTORY -------- Thunder Leg Advanced Heat Sink Signal Interpreter Surveybot 17 Chip Advanced Salvage Targeting Computer Improved Targeting Computer Thermal Shield Hacking Suite A0-MCA's Component Scanner Thermic Laser Wave Gun KE Penetrator Multitool Botcube [Rating: 69] Favorites ----------- Power Light Nuclear Core Engine Light Ion Engine Power Core Light Nuclear Core Propulsion Wheel Treads Light Treads Leg Thunder Leg Wheel Wheel Utility Improved Targeting Computer Device Seismic Detector Storage Huge Storage Unit Processor Improved Targeting Computer Protection Propulsion Shielding Weapon Hammer Energy Gun Improved EM Shotgun Energy Cannon Powered Cannon Ballistic Gun Battle Rifle Ballistic Cannon Improved Light Cannon Launcher Subdweller Shrapnel Launcher Special Weapon Multitool Impact Weapon Hammer Build | -11 -10 -10 -7 -7 -5 ------- Run | Yrd Mat Sub Rec Scr Fac Slots Evolved 10 | . . . . . 10 Power 1 | . . . . . 1 Propulsion 4 | . . . . . 4 Utility 5 | . . . . . 5 Weapon . | . . . . . . Parts Attached 67 | 7 10 12 . 3 35 Power 14 | 1 2 3 . 2 6 Engine 6 | 1 1 2 . 2 . Core 8 | . 1 1 . . 6 Reactor . | . . . . . . Propulsion 19 | 2 1 3 . . 13 Treads 5 | . . 2 . . 3 Leg 1 | . . . . . 1 Wheel 13 | 2 1 1 . . 9 Hover . | . . . . . . Flight . | . . . . . . Utility 18 | 2 3 2 . 1 10 Device 7 | 1 1 . . . 5 Storage 4 | 1 1 1 . 1 . Processor 4 | . . 1 . . 3 Hackware . | . . . . . . Protection 3 | . 1 . . . 2 Artifact . | . . . . . . Weapon 16 | 2 4 4 . . 6 Energy Gun 6 | 1 2 1 . . 2 Energy Cannon 1 | . . . . . 1 Ballistic Gun 3 | 1 . 1 . . 1 Ballistic Cannon 2 | . 1 1 . . . Launcher 1 | . . 1 . . . Special Weapon 2 | . . . . . 2 Impact Weapon 1 | . 1 . . . . Slashing Weapon . | . . . . . . Piercing Weapon . | . . . . . . Special Melee Weapon . | . . . . . . Unidentified Prototypes 1 | . 1 . . . . Parts Lost 33 | . . 5 . . 28 Power 5 | . . 2 . . 3 Propulsion 14 | . . 3 . . 11 Utility 8 | . . . . . 8 Weapon 6 | . . . . . 6 Highest Loss Streak 16 | . . 2 . . 16 To Critical Strikes . | . . . . . . Average Backups 17 | 2 17 20 21 19 10 Power . | . . . 2 1 . Propulsion 1 | 1 3 2 . . . Utility 10 | . 9 12 13 12 5 Weapon 3 | . 3 4 4 3 2 Tool/Special . | . . . . . . Unused Backups 20 | . 2 1 . 9 8 Power 2 | . . . . 2 . Propulsion 1 | . . . . 1 . Utility 12 | . 1 . . 6 5 Weapon 3 | . . 1 . . 2 Tool/Special 2 | . 1 . . . 1 Average Slot Usage (%) 94 | . 98 96 99 95 79 Engine 7 | . 9 3 14 13 2 Core 4 | . 4 7 . . 7 Treads 6 | . . 18 . . 6 Wheel 20 | . 27 8 27 28 16 Device 4 | . 7 . . . 18 Storage 12 | . 14 14 14 13 4 Processor 9 | . . 13 14 14 7 Protection 1 | . 6 . . . 2 Energy Gun 6 | . 12 12 . . . Ballistic Gun 3 | . . 1 . 10 . Ballistic Cannon 4 | . 1 7 4 3 3 Launcher 1 | . . 1 14 . . Impact Weapon 7 | . 12 5 9 11 . Peak Build Rating 69 | 9 15 19 15 19 69 Average Rating 18 | 6 12 15 14 15 46 On Entrance 11 | . 9 14 15 14 19 Avg Prop Armor Cover (%) 15 | . . 11 . 32 13 Naked Turns . | . . . . . . Heaviest Build 97 | 11 53 97 97 94 74 Greatest Support 73 | 26 20 40 20 20 73 Greatest Overweight (x) 9 | . 5 9 9 4 5 Average Overweight (x) 2 | . 1 5 4 2 1 Largest Inventory Capacity 25 | 8 20 25 25 25 15 Average Capacity 20 | 7 18 23 25 21 14 Most Carried 25 | 7 20 25 25 25 15 Average Carried 19 | 3 17 21 23 21 11 Final Capacity 25 | 8 20 25 25 15 5 Final Carried 25 | 7 20 23 25 15 4 Class Distribution -------------------- 88% | Mutant 11% | Scavenger-Mutant Dominant Class ---------------- Mutant | -10/Materials Mutant | -10/Subcaves Mutant | -7/Recycling Mutant | -7/Scraptown Scavenger-Mutant | -5/Factory Resources | -11 -10 -10 -7 -7 -5 ----------- Run | Yrd Mat Sub Rec Scr Fac Matter Collected 1621 | 282 247 270 178 30 614 Remotely . | . . . . . . Salvage Created 2107 | 139 387 412 225 . 944 Parts 103 | 9 18 20 4 . 52 Haulers Intercepted 1 | . 1 . . . . Recyclers Shooed 5 | . 3 . . . 2 Parts Field Recycled . | . . . . . . Retrieved Matter . | . . . . . . Parts Self-Destructed 10 | . . 10 . . . Prevented . | . . . . . . Parts Restored . | . . . . . . Kills | -11 -10 -10 -7 -7 -5 ------- Run | Yrd Mat Sub Rec Scr Fac Combat Hostiles Destroyed 28 | . 5 12 . . 11 Melee 2 | . 1 . . . 1 Guns 5 | . 2 3 . . . Cannons 15 | . 1 5 . . 9 AOE 2 | . . 2 . . . Classes Destroyed 15 | 2 3 3 . . 7 Worker 5 | . . . . . 5 Builder 1 | . . . . . 1 Tunneler 6 | 4 . . . . 2 Hauler 1 | . 1 . . . . Recycler 9 | 1 2 . 3 . 3 Mechanic 1 | . . . . . 1 Operator 1 | . . . . . 1 Turret 2 | . . 2 . . . Swarmer 9 | . . 4 . . 5 Grunt 6 | . 4 . . . 2 Sentry 1 | . . . . . 1 Hunter 1 | . . . . . 1 Programmer 2 | . . . . . 2 Artisan 1 | . . 1 . . . Subdweller 9 | . 1 8 . . . Best Kill Streak 6 | 5 3 6 3 . 5 Combat Bots Only 5 | . 2 4 . . 5 Max Kills in Single Turn 3 | 1 1 3 1 . 2 Gunslinging . | . . . . . . Exploded 2 | . . 2 . . . Melee 1 | . 1 . . . 1 Uniques/NPCs Destroyed . | . . . . . . Combat | -11 -10 -10 -7 -7 -5 -------- Run | Yrd Mat Sub Rec Scr Fac Hostile Shots Fired 356 | . 14 68 . . 274 Missed 126 | . 3 21 . . 102 Hits 230 | . 11 47 . . 172 Melee 1 | . . . . . 1 Projectile 229 | . 11 47 . . 171 AOE 1 | . . . . . 1 Critical Strikes 10 | . 1 1 . . 8 Part Disruptions 4 | . . . . . 4 Damage Taken 4428 | . 171 938 . . 3319 Core 1219 | . 76 143 . . 1000 Absorbed by Shields . | . . . . . . Redirected to Shielding 3 | . 3 . . . . Regen/Repaired (Parts) 42 | . 42 . . . . Core Remaining (%) 56 | 100 . . . 12 . Volleys Fired 141 | 12 19 36 . . 74 Largest 2 | 2 2 2 . . 2 Hottest 166 | 60 78 90 . . 166 Shots Fired 211 | 24 27 66 . . 94 Gun 90 | 24 19 34 . . 13 Cannon 103 | . 8 28 . . 67 Launcher 9 | . . 4 . . 5 Special 9 | . . . . . 9 Kinetic 93 | 12 8 34 . . 39 Thermal 66 | 12 . . . . 54 Explosive . | . . . . . . Electromagnetic 51 | . 19 32 . . . Robot Hit Streak 19 | 7 9 19 . . 15 Robot Miss Streak 4 | 1 4 2 . . 3 Penetration Max . | . . . . . . Secondary Targets . | . . . . . . Shots Hit Robots 165 | 15 28 49 4 . 69 Core Hits 77 | 7 11 23 1 . 35 Critical Kills 2 | . 1 . . . 1 Critical Parts Destroyed 2 | . . . 2 . . Critical Strikes 8 | . 1 . 2 . 5 Burn 3 | . . . . . 3 Meltdown 1 | . . . . . 1 Blast 1 | . . . . . 1 Smash 3 | . 1 . 2 . . Melee Attacks 93 | . 45 43 5 . . Impact 93 | . 45 43 5 . . Slashing . | . . . . . . Piercing . | . . . . . . Sneak Attacks 7 | . 4 . 3 . . Combat Hostiles . | . . . . . . Follow-up Attacks . | . . . . . . Damage Inflicted 4782 | 141 763 1299 166 . 2413 Guns 1139 | 141 244 520 . . 234 Cannons 2235 | . 85 349 . . 1801 Explosions 731 | . 54 430 . . 247 Melee 546 | . 380 . 166 . . Ramming 86 | . . . . . 86 Kinetic 1724 | 52 85 758 . . 829 Thermal 1682 | 89 54 41 . . 1498 Explosive . | . . . . . . Electromagnetic 744 | . 244 500 . . . Impact 546 | . 380 . 166 . . Slashing . | . . . . . . Piercing . | . . . . . . Highest Corruption 8 | . . . . . 8 Average Corruption 4 | . . . . . 4 Corruption Purged . | . . . . . . Corruption Blocked . | . . . . . . Effects 1 | . . . . . 1 Energy Discharges 1 | . . . . . 1 Overload Shots . | . . . . . . Overflow Damage 359 | . 125 88 103 . 43 Projectiles 44 | . . 9 . . 35 Explosions 87 | . . 79 . . 8 Melee 228 | . 125 . 103 . . Knockbacks 8 | . 2 2 1 . 3 Impact 2 | . 1 . 1 . . Kinetic 6 | . 1 2 . . 3 Secondary . | . . . . . . Self-Inflicted Damage 188 | . 37 60 . . 91 Shots 3 | . 1 1 . . 1 Rammed 17 | . . . . . 17 Targets Rammed 18 | . . . . . 18 Kicked . | . . . . . . Crushed 1 | . . . . . 1 Highest Temperature 477 | 40 477 2 . . 168 Average Temperature 85 | 16 120 2 . . 48 Received Heat Transfer 888 | . 93 225 . . 570 Effects 1 | . 1 . . . . Matter Decay 1 | . 1 . . . . Siege Activations . | . . . . . . Martial Activations . | . . . . . . Shielding Activations . | . . . . . . Robots Disrupted . | . . . . . . Combat Hostiles . | . . . . . . Robots Corrupted 7 | . 3 2 2 . . Combat Hostiles 3 | . 1 2 . . . Parts Fried 11 | . 4 6 1 . . Impact Corruptions 10 | . 5 . 5 . . Robots Melted 1 | . . . . . 1 Combat Hostiles 1 | . . . . . 1 Parts Melted 1 | . . . . . 1 Heat Transferred 1068 | 200 50 50 . . 768 Parts Sabotaged 3 | . . . . . 3 Parts Stolen . | . . . . . . Parts Stripped . | . . . . . . Power Chain Reactions 2 | . 1 1 . . . Alert | -11 -10 -10 -7 -7 -5 ------- Run | Yrd Mat Sub Rec Scr Fac Maximum Alert Level 1 | . . . . . 1 Low Security (%) 99 | 100 100 . 100 . 98 Level 1 . | . . . . . 1 Level 2 . | . . . . . . Level 3 . | . . . . . . Level 4 . | . . . . . . Level 5 . | . . . . . . High Security . | . . . . . . Max Security . | . . . . . . Peak Influence 202 | 15 88 . 100 . 202 Initial 100 | . . . 100 . . Average 42 | 3 14 . 44 . 98 Influence Increases 1128 | 25 262 225 22 . 594 Destroy 0b10 Robot/C 420 | . 80 120 . . 220 Destroy 0b10 Robot/NC 120 | 25 15 . 15 . 65 Destroy Leader 62 | . 22 . . . 40 Trap Triggered on 0b10 10 | . . . . . 10 Successful Hack 68 | . 47 . 7 . 14 Disable Machine 120 | . 15 . . . 105 Destroy Structure 163 | . 23 . . . 140 Lose Combat Pursuer 165 | . 60 105 . . . Influence Decreases 1128 | 25 262 16 231 . 594 Entered New Map 109 | . . . 109 . . Time Decay 714 | 25 262 6 122 . 299 Lost Part 285 | . . 10 . . 275 Lost Ally 20 | . . . . . 20 Squads Dispatched 4 | . . . . . 4 Investigation . | . . . . . . Extermination 2 | . . . . . 2 Reinforcement 1 | . . . . . 1 Assault . | . . . . . . Garrison 1 | . . . . . 1 Intercept . | . . . . . . Searches Triggered . | . . . . . . Construction Impeded . | . . . . . . Haulers Reinforced 1 | . . . . . 1 Active Scanning Responses . | . . . . . . Cargo Convoy Interrupts 1 | . . . . . 1 Stealth | -11 -10 -10 -7 -7 -5 --------- Run | Yrd Mat Sub Rec Scr Fac Distress Signals 2 | . 1 . . . 1 Communications Jammed . | . . . . . . Distress Signals . | . . . . . . Times Spotted 61 | . 12 15 . . 34 Peak Tracking Total 13 | . 4 6 . . 13 Tactical Retreats 3 | . 2 1 . . . Traps | -11 -10 -10 -7 -7 -5 ------- Run | Yrd Mat Sub Rec Scr Fac Traps Triggered 3 | . 2 . . . 1 Indirectly . | . . . . . . Trap Hack Attempts . | . . . . . . Triggered . | . . . . . . Disarmed . | . . . . . . Reprogrammed . | . . . . . . Reused 1 | . . . . . 1 Traps Extracted . | . . . . . . Installed 1 | . . . . . 1 Triggered 1 | . . . . . 1 Most Traps Carried 1 | . . . . 1 1 Machines | -11 -10 -10 -7 -7 -5 ---------- Run | Yrd Mat Sub Rec Scr Fac Machines Disabled 13 | . 1 5 . . 7 Max in Single Turn 3 | . 1 2 . . 3 Machines Repaired . | . . . . . . Machines Dismantled . | . . . . . . Machines Sabotaged . | . . . . . . Overloaded Fab Kills . | . . . . . . Hacking | -11 -10 -10 -7 -7 -5 --------- Run | Yrd Mat Sub Rec Scr Fac Machines Accessed 13 | . 7 1 1 3 1 Terminals 8 | . 6 . 1 . 1 Fabricators . | . . . . . . Repair Stations 1 | . 1 . . . . Recycling Units . | . . . . . . Scanalyzers . | . . . . . . Garrison Access . | . . . . . . Total Hacks 50 | . 23 5 2 19 1 Successful 40 | . 14 5 1 19 1 Failed 10 | . 9 . 1 . . Catastrophic 1 | . 1 . . . . Database Lockouts . | . . . . . . Manual 18 | . 18 . . . . Terminals 22 | . 19 . 2 . 1 Fabricators . | . . . . . . Repair Stations 4 | . 4 . . . . Recycling Units . | . . . . . . Scanalyzers . | . . . . . . Garrison Access . | . . . . . . Terminal Hacks 27 | . 1 5 1 19 1 Record 23 | . . 4 . 18 1 Part Schematic 1 | . . . 1 . . Robot Schematic 1 | . 1 . . . . Proto ID Catalog 2 | . . 1 . 1 . Fabricator Hacks . | . . . . . . Repair Station Hacks 4 | . 4 . . . . Scan Component 2 | . 2 . . . . Repair 2 | . 2 . . . . Recycling Unit Hacks . | . . . . . . Scanalyzer . | . . . . . . Garrison Access Hacks . | . . . . . . Unauthorized Hacks 9 | . 9 . . . . Terminals 9 | . 9 . . . . Track 1 | . 1 . . . . Botnet 2 | . 2 . . . . Skim 6 | . 6 . . . . Fabricators . | . . . . . . Repair Stations . | . . . . . . Recycling Units . | . . . . . . Scanalyzers . | . . . . . . Garrison Access . | . . . . . . Data Cores Recovered . | . . . . . . Used . | . . . . . . Hacking Detections 8 | . 6 . 1 . 1 Full Trace Events 1 | . 1 . . . . Feedback Events . | . . . . . . Feedback Blocked . | . . . . . . Robot Schematics Acquired 1 | . 1 . . . . Robots Built . | . . . . . . Authchips . | . . . . . . Time . | . . . . . . Total Robot Build Rating . | . . . . . . Part Schematics Acquired 1 | . . . 1 . . Parts Built . | . . . . . . Authchips . | . . . . . . Time . | . . . . . . Total Part Build Rating . | . . . . . . Part Studies Acquired . | . . . . . . Parts Repaired 2 | . 2 . . . . Time 77 | . 77 . . . . Parts Recycled . | . . . . . . Recycled Matter . | . . . . . . Retrieved Matter . | . . . . . . Retrieved Components . | . . . . . . Parts Scanalyzed . | . . . . . . Part Schematics Acquired . | . . . . . . Parts Damaged . | . . . . . . Bothacking | -11 -10 -10 -7 -7 -5 ------------ Run | Yrd Mat Sub Rec Scr Fac Used RIF Installer . | . . . . . . Robots Hacked . | . . . . . . Non-combat . | . . . . . . Combat . | . . . . . . Robot Hacks Applied . | . . . . . . Relay Couplers Released . | . . . . . . Fabnet Peak Effective % . | . . . . . . Robots Rewired . | . . . . . . Allies Hacked . | . . . . . . Hacks Repelled . | . . . . . . Allies | -11 -10 -10 -7 -7 -5 -------- Run | Yrd Mat Sub Rec Scr Fac Total Allies 1 | . . . . . 1 Largest Group 1 | . . . . . 1 Highest-Rated Group 37 | . . . . . 37 Highest-Rated Ally 37 | . . . . . 37 Total Orders . | . . . . . . Ally Attacks 2 | . . . . . 2 Total Damage 52 | . . . . . 52 Kills . | . . . . . . Allies Corrupted . | . . . . . . Allies Melted . | . . . . . . Intel | -11 -10 -10 -7 -7 -5 ------- Run | Yrd Mat Sub Rec Scr Fac Active Infowar (turns) 1626 | 55 786 60 . . 725 Terrain 756 | 55 . . . . 701 Seismic 1378 | . 786 60 . . 532 Robot Analysis Total . | . . . . . . Derelict Logs Recovered 3 | . . 1 . 2 . Drone Launches . | . . . . . . Drone Recoveries . | . . . . . . Exploration | -11 -10 -10 -7 -7 -5 ------------- Run | Yrd Mat Sub Rec Scr Fac Turns Passed 5855 | 118 1404 1734 313 1535 751 Spaces Moved 3430 | 76 808 639 206 1249 452 Core 140 | 2 . . . 115 23 Treads 218 | . . 212 . . 6 Legs 4 | . . . . . 4 Wheels 3068 | 74 808 427 206 1134 419 Hover . | . . . . . . Flight . | . . . . . . Fastest Speed 50 | 50 80 110 140 50 50 Average Speed 133 | 88 104 221 141 119 101 Slowest Speed 320 | 90 155 320 215 140 163 Overloaded Moves . | . . . . . . Propulsion Burnouts . | . . . . . . Robots Hopped . | . . . . . . Potential Cave-ins . | . . . . . . Cave-ins Triggered 1 | . . 1 . . . Exploration Rate (%) 44 | 5 94 38 36 81 10 Regions Visited 5 Branch Regions 3 Pre-discovered Areas 7 | . . 1 . 6 . Known Exits Taken . | . . . . . . Unknown Exits Taken 5 | 1 1 1 1 1 . Scrap Searched 7 | . . 2 . 5 . Spaces Dug 29 | . 20 7 . . 2 Terrain Destroyed 180 | . 23 53 . . 104 Melee 26 | . 20 6 . . . Projectile 14 | . 1 2 . . 11 AOE 140 | . 2 45 . . 93 Terrain Rammed . | . . . . . . Walls Destroyed . | . . . . . . Machines Disabled . | . . . . . . Actions | -11 -10 -10 -7 -7 -5 --------- Run | Yrd Mat Sub Rec Scr Fac Total 4339 | 101 1257 811 218 1300 652 Wait 446 | . 342 60 . 6 38 Move 3425 | 75 807 638 205 1248 452 Hop . | . . . . . . Pick Up 71 | 7 18 6 4 22 14 Fast Attach 36 | 7 7 1 . 2 19 Attach 25 | . 1 5 1 2 16 Detach . | . . . . . . Swap 42 | . 10 19 2 4 7 Drop 40 | . 8 3 1 15 13 Fire 141 | 12 19 36 . . 74 Melee 93 | . 45 43 5 . . Ram 16 | . . . . . 16 Kick . | . . . . . . Crush 2 | . . . . . 2 Escape Stasis . | . . . . . . Rewire 1 | . . . . 1 . Trap 1 | . . . . . 1 Miscellaneous . | . . . . . . Route ------- -11/Scrapyard -10/Materials (discovered 6 exits: [*Mat x3] / [*Min x2] / *Sub) -10/Subcaves -7/Recycling -7/Scraptown (discovered 2 exits: *Fac x2) -5/Factory (discovered 6 exits: Fac x4 / Upp x2) History --------- Turn | Location | Event 16 | -11/Scrapyard | Discovered new exit (range 16) 119 | -11/Scrapyard | Entered Materials 212 | -10/Materials | Discovered new exit (range 15) 228 | -10/Materials | Discovered new exit (range 16) 304 | -10/Materials | Build established: Mutant 327 | -10/Materials | Discovered new exit (range 5) 440 | -10/Materials | Repaired Wheel 498 | -10/Materials | Repaired Imp. EM Shotgun 719 | -10/Materials | Derelicts attacked the area 1122 | -10/Materials | Discovered new exit (range 9) 1196 | -10/Materials | Discovered new exit (range 16) 1367 | -10/Materials | Discovered new exit (range 10) 1523 | -10/Materials | Entered Subcaves 1709 | -10/Subcaves | Shifting Twisted Machinery released Battle Rifle 1711 | -10/Subcaves | Shifting Twisted Machinery released Battle Rifle 1748 | -10/Subcaves | Crushed by falling debris 1793 | -10/Subcaves | Shifting Twisted Machinery released Sub. Monowheel 1795 | -10/Subcaves | Shifting Twisted Machinery released Sub. Machine Gun 2000 | -10/Subcaves | Visited 4L-MR0's lab 2006 | -10/Subcaves | Learned location of Storage (-7) 2039 | -10/Subcaves | Found Powered Cannon 2086 | -10/Subcaves | Core integrity fell below 50% 2367 | -10/Subcaves | Ambushed by angry Subdweller bent on revenge 3212 | -10/Subcaves | Core integrity fell below 20% 3219 | -10/Subcaves | Discovered new exit (range 16) 3257 | -10/Subcaves | Entered Recycling 3535 | -7/Recycling | Scanned before Scraplab entrance 3556 | -7/Recycling | Entered Scraplab 3567 | -7/Recycling | Discovered new exit (range 2) 3570 | -7/Recycling | Entered Scraptown 3841 | -7/Scraptown | Discovered new exit (range 11) 3897 | -7/Scraptown | Scanned Subdweller tech in exchange for log data 3901 | -7/Scraptown | Learned location of Extension (-4) 3946 | -7/Scraptown | Visited Spacefarers 3959 | -7/Scraptown | Visited Artisan Demo Area 3976 | -7/Scraptown | Visited Bundlers 4045 | -7/Scraptown | Visited Symbiants 4090 | -7/Scraptown | Visited Awakened 4125 | -7/Scraptown | Visited UFD Registry 4125 | -7/Scraptown | Registered with UFD as "Cogparser" 4142 | -7/Scraptown | Visited Cyclists 4162 | -7/Scraptown | Visited Comm Corps 4239 | -7/Scraptown | Visited Junk Repository 4282 | -7/Scraptown | Visited Curators Association 4302 | -7/Scraptown | Visited Science Testing Area 4358 | -7/Scraptown | Delivered Scrap Shield to a Scientist 4469 | -7/Scraptown | Visited Research Penetration Think Tank 4503 | -7/Scraptown | Visited Supply Room 4551 | -7/Scraptown | Visited Scrapoid Research Area 4573 | -7/Scraptown | Visited Science Guys 4636 | -7/Scraptown | Visited A0-MCA Data Center 4644 | -7/Scraptown | Given a B rating by A0-MCA 4650 | -7/Scraptown | Found A0-MCA's Component Scanner 4679 | -7/Scraptown | Visited Botcube Research 4685 | -7/Scraptown | Found Botcube 4714 | -7/Scraptown | Visited Cartography Club 4800 | -7/Scraptown | Found Surveybot 17 Chip 4827 | -7/Scraptown | Learned location of Upper Caves (-5) 4827 | -7/Scraptown | Learned location of Archives (-4) 4827 | -7/Scraptown | Learned 16 Materials zone layouts 4827 | -7/Scraptown | Learned 24 Factory zone layouts 4827 | -7/Scraptown | Learned 12 Proximity Caves zone layouts 4827 | -7/Scraptown | Learned location of 1 exit from Factory 4827 | -7/Scraptown | Learned location of 3 exits from Lower Caves 4827 | -7/Scraptown | Learned Research emergency access door positions 4827 | -7/Scraptown | Learned 16 Proximity Caves zone layouts 4827 | -7/Scraptown | Learned 12 Research zone layouts 4827 | -7/Scraptown | Learned 8 Factory zone layouts 4827 | -7/Scraptown | Learned location of Testing (-2) 4827 | -7/Scraptown | Learned location of Lower Caves (-7) 5053 | -7/Scraptown | Met Optimus 5053 | -7/Scraptown | Accepted into 0bPrime 5099 | -7/Scraptown | Discovered new exit (range 5) 5105 | -7/Scraptown | Entered Factory 5105 | -5/Factory | Evolved 10 slots: Power x1, Propulsion x4, Utility x5 5106 | -5/Factory | Identified exit to Upper Caves 5107 | -5/Factory | Identified exit to Factory 5418 | -5/Factory | Attached CPS modules to Y-64 Sentinel. 5446 | -5/Factory | Attached Powered Cannon, gained temporary slot: Power 5482 | -5/Factory | Lost 9 parts (1p3n1u4w) 5517 | -5/Factory | Build established: Scavenger-Mutant 5812 | -5/Factory | Garrison activated, responded to threat 5815 | -5/Factory | Cargo convoy interrupted 5834 | -5/Factory | Core integrity fell below 50% 5837 | -5/Factory | Botcube activated 5843 | -5/Factory | Botcube completed mutation into core form, armed with 2 guns. 5846 | -5/Factory | Core integrity fell below 20% 5856 | -5/Factory | Destroyed by X-77 Beamer with Gatling Laser Last Messages --------------- 05847_ Slug penetrates P-70 Sage. 05847_ U-05 Engineer lays Concrete. 05848_ K-01 Serf collects debris. 05848_ Multitool destroyed. 05848_ Penetrated by Slug. 05848_ U-05 Engineer lays Concrete. 05848_ U-05 Engineer builds a Door. 05848_ U-05 Engineer lays Concrete. 05848_ Slug penetrates Wall. 05848_ Mutated Botcube destroyed. 05849_ U-05 Engineer lays Concrete. 05849_ P-70 Sage resets X-77 Beamer, system corruption cleaned. 05850_ Critical hit (Burn: +37). 05850_ U-05 Engineer lays Concrete. 05854_ Slug penetrates Wall. 05855_ U-05 Engineer lays Concrete. 05856_ U-05 Engineer builds a Wall. 05856_ Imp. Targeting Computer destroyed. 05856_ U-05 Engineer lays Concrete. Map ----- +----------------------------------------------------+ | ?????##?### [ #% # # #####?##?##??? | | ?????###### # # #?##?#??????? | | ?????????## """"""" %# # # ## #?##???????? | | ????????#?# """"""" !# %# # #### #?#???????# | | ??????###?# !* """""" #### ####??#####???#?#? | | ???????#?##[!%""""""" + ######??#????????? | | """" #?##?#*! % ! % #% #####?##??#??????? | | #########+######### ##########?#?????? | | """ # # """""" #?#??#?#? | | """" # # ""S""" ##????#?? | | """" # # """ #??#????? | | # " ###?????? | | #=/ # #?#?????? | | #%== ################ # """ #??##???? | | ###### ! #"" ""#### # """ #????#??? | | % # [ %& ## # """ #???????# | | % #! u | ## # #???????? | | #%!% /## ##############?#?? | | +| u ! k ## # #???? | | #i !![ ## # """" #???? | | ###### # uu h ## # """" #?#?? | | #????# ##### g;;;;#### # """" #???? | | #???## h p # """" #???? | | #???# g # #?#?? | | #???#T x + """" """" #???? | | #???## p @ # """" """" #???? | | #????# # """" """" #?#?? | | #########+#############+### # """" """" #???? | | ## # "" # # #???? | | ## """" # "R"= # # ##??? | | ?# """" || # " " # ##############???? | | ???"""" || # # #????????????????? | | ???"""" # # ##??#????????????? | | ???"""" #! # #?#??????????????? | | ???"""" # """""" # #????????????????? | | ??? " # """""" # #????#?#?????????? | | ??? "" # """""" #######???????????#????? | | ??? G # """""" #???#????#?????????????? | | ??? "" # #??????#???????????????? | | ??? " # #??????????????????????? | | ??? ##############?#???#????????????????? | | ???###########???????????????????????????????????? | | ?????????????????????????????????????????????????? | | ?????????????????????????????????????????????????? | | ??????????????????????????#???????????#??????????? | | ?????????????????????????????????????????????????? | | ?????????????????????????????????????????????????? | | ?????????????????????????????????????????????????? | | ?????????????????????????????????????????????????? | | ?????????????????????????????????????????????????? | +----------------------------------------------------+ Best States ------------- Heat Dissipation 71 Coolant Potential 65 Energy Generation 37 Energy Capacity 530 Matter Stores 300 Matter Capacity 300 Sight Range 16 Terrain Scan Range 16 Terrain Scan Density 85 Armor Coverage 225 Resistance: EM 15 Propulsion Shielding 33 Evasion (%) 60 Targeting Accuracy 6 Recoil Reduction 3 Salvage Targeting 3 Item Schematics ----------------- Plasma Cannon | -7/Recycling | Hacked Robot Schematics ------------------ M-13 Machinist | -10/Materials | Hacked Fabricated ------------ Nothing Repaired ---------- Wheel | 60% | -10/Materials Imp. EM Shotgun | 62% | -10/Materials Studied --------- None Alien Tech Used ----------------- None Achievements -------------- None Challenges ------------ None Game ------ Seed MissileAutogunTurretformer Manual? 0 Play Time 00:47:00 Cumulative 763.8 hours Start 2025.12.27 @ 18:41:01 End 2025.12.27 @ 19:27:22 Sessions 1 Manual Loads 0 Difficulty Rogue Special Mode None Game No. 184 Rogue 46 Adventurer 138 Explorer 0 Win Type - Total 11 Types 7/0/1/2/0/0/0/0/1/0 Lore% 79 Gallery% 78 Achievement% 55 Wizard Run 0 Options --------- Layout 2 ASCII 0 Keyboard 0 Movement Mouse Keybinds 0 Fullscreen 1 Font 24/Smallcaps Map View 50x49 Zoom Use 1% Tactical HUD 1 Map Filters NONE Filters NONE Steam 1 RUN: aedac790-78bb-4ed1-b861-70a8c0dbcafa